 Seeded DCSS version 0.30-a0-458-g86641cc (webtiles) character file.

Game seed: 3104730600629004498 (custom seed)

396677 PurpleRed the Barachian Blade (level 23, -30/204 HPs)
             Began as a Barachi Gladiator on Dec 12, 2022.
             Was the Champion of Cheibriados.
             Annihilated by an azure jelly (44 damage)
             ... created by the Royal Jelly
             ... on level 5 of the Pits of Slime on Dec 14, 2022.
             The game lasted 04:11:44 (35730 turns).

PurpleRed the Barachian Blade (Barachi Gladiator)  Turns: 35730, Time: 04:11:44

Health: -30/204    AC: 36    Str: 31      XL:     23   Next: 21%
Magic:  42/42      EV: 27    Int: 27 (30) God:    Cheibriados [******]
Gold:   1105       SH: 20    Dex: 34      Spells: 32/32 levels left

rFire   + + .      SeeInvis .    j - +9 demon blade (vorpal)
rCold   . . .      Faith    .    T - +2 kite shield {rF+}
rNeg    + + .      Spirit   .    l - +3 gold dragon scales
rPois   +          Reflect  .    x - +3 hat of Pondering {ponderous, Will+ MP+10 Int+5}
rElec   .          Harm     .    W - +0 cloak
rCorr   +          Rampage  .    N - +1 pair of gloves
Will    +++..      Rage     3%   p - +2 pair of boots {Stlth+}
Stlth   ..........               B - amulet of regeneration
HPRegen 1.34/turn                Q - ring of the Octopus King {rN+ HP+2 AC+2 EV+2 SH+2}
MPRegen 0.28/turn                Y - ring of Dar Xois {rN+ Will+ rCorr Dex-2}

@: corroded, on berserk cooldown, slowed, very slow
A: amphibious, slowness 1, strong legs 2, +LOS, horns 1, berserk 1, weak 1, cold
vulnerability 1
}: 2/15 runes: serpentine, barnacled
a: Hop, Renounce Religion, Bend Time, Temporal Distortion, Slouch, Step From
Time


You were on level 5 of the Pits of Slime.
You worshipped Cheibriados.
Cheibriados was exalted by your worship.
You visited 9 branches of the dungeon, and saw 43 of its levels.
You visited the Abyss 1 time.
You also visited: Sewer and Volcano.

You collected 5031 gold pieces.
You spent 3926 gold pieces at shops.

Inventory:

Hand Weapons
 d - a +6 long sword of holy wrath
 j - a +9 vorpal demon blade (weapon)
 P - the +12 sling "Globulus" {antimagic, rF++ Int+2}
   (You found it on level 3 of the Elven Halls)

   It reduces the magical energy of the wielder, and disrupts the spells and
   magical abilities of those it strikes.
   Natural abilities and divine invocations are not affected.
   Int:       It affects your intelligence (+2).
   rF:        It greatly protects you from fire.
Missiles
 g - 8 boomerangs
 m - 3 boomerangs of dispersal
 F - 7 curare-tipped darts (quivered)
 G - 8 javelins
 X - a silver javelin
Armour
 l - +3 gold dragon scales (worn)
 p - a +2 pair of boots of stealth (worn)
 q - a +2 troll leather armour {Snorg}
 x - the +3 hat of Pondering (worn) {ponderous, Will+ MP+10 Int+5}
   (You bought it in a shop on level 2 of the Snake Pit)

   Int:       It affects your intelligence (+5).
   MP:        It affects your magic capacity (+10).
   Will:      It increases your willpower.
 K - the +0 pair of boots "Imofip" {rF++}
   (You found it on level 2 of the Elven Halls)

   rF:        It greatly protects you from fire.
 N - a +1 pair of gloves (worn)
 S - a +1 buckler of resistance
 T - a +2 kite shield of fire resistance (worn)
 W - a +0 cloak (worn)
Magical Staves
 L - a staff of conjuration
Jewellery
 c - a ring of see invisible
 u - a ring of poison resistance
 y - a ring of flight
 B - an amulet of regeneration (around neck)
 M - an amulet of reflection
 Q - a ring of the Octopus King (left hand) {rN+ HP+2 AC+2 EV+2 SH+2}
   (You bought it in a shop on level 2 of the Elven Halls)

   [ring of positive energy]

   AC:        It affects your AC (+2).
   EV:        It affects your evasion (+2).
   rN:        It protects you from negative energy.
   HP:        It affects your health (+2).
   SH:        It affects your SH (+2).
 Y - the ring of Dar Xois (right hand) {rN+ Will+ rCorr Dex-2}
   (You bought it in a shop on level 2 of the Orcish Mines)

   [ring of resist corrosion]

   Dex:       It affects your dexterity (-2).
   rN:        It protects you from negative energy.
   rCorr:     It protects you from acid and corrosion.
   Will:      It increases your willpower.
Wands
 R - a wand of roots (6)
 V - a wand of light (15)
Scrolls
 a - 5 scrolls of butterflies
 b - 4 scrolls of fear
 e - 3 scrolls of summoning
 h - 3 scrolls of silence
 t - 9 scrolls of immolation
 v - 18 scrolls of teleportation
 w - 3 scrolls of enchant weapon
 H - 12 scrolls of poison
 J - 5 scrolls of magic mapping
 O - 8 scrolls of identify
 Z - 4 scrolls of blinking
Potions
 f - 14 potions of curing
 i - 5 potions of magic
 k - 9 potions of cancellation
 n - 7 potions of heal wounds
 o - 4 potions of invisibility
 r - 8 potions of flight
 s - 10 potions of attraction
 z - 7 potions of mutation
 A - 4 potions of might
 D - 4 potions of ambrosia
 E - a potion of brilliance
 I - 2 potions of berserk rage
 U - 4 potions of resistance


   Skills:
 + Level 21.8 Fighting
 - Level 3.5(13.7) Short Blades
 - Level 21.8(22.0) Long Blades
 + Level 11.4 Ranged Weapons
 - Level 2.0 Throwing
 - Level 21.3 Armour
 - Level 20.0 Dodging
 - Level 12.0 Shields
 - Level 5.0 Spellcasting
 - Level 12.0 Invocations


You had 32 spell levels left.
You didn't know any spells.
Your spell library contained the following spells:

 Spells                   Type           Power      Damage    Failure   Level
 Apportation              Tloc           12%        N/A       77%         1
 Beastly Appendage        Tmut           12%        N/A       77%         1
 Blink                    Tloc           12%        N/A       88%         2
 Momentum Strike          Conj/Tloc      12%        3d8       88%         2
 Passwall                 Tmut/Erth      5%         N/A       88%         2
 Static Discharge         Conj/Air       12%        2-3/arc   88%         2
 Sublimation of Blood     Necr           6%         N/A       88%         2
 Wereblood                Tmut           6%         N/A       88%         2
 Dazzling Flash           Conj/Hex       12%        N/A       98%         3
 Hailstorm                Conj/Ice       6%         3d4       98%         3
 Ignite Poison            Fire/Tmut/Pois 6%         N/A       98%         3
 Kindle Blastsparks       Fire/Tloc/Air  12%        2d11      98%         3
 Lesser Beckoning         Tloc           12%        N/A       98%         3
 Portal Projectile        Hex/Tloc       12%        N/A       98%         3
 Stone Arrow              Conj/Erth      12%        3d7       98%         3
 Teleport Other           Tloc           6%         N/A       98%         3
 Tukima's Dance           Hex            6%         N/A       98%         3
 Vhi's Electric Charge    Tloc/Air       12%        N/A       98%         3
 Anguish                  Hex/Necr       3%         N/A       100%        4
 Animate Armour           Summ/Erth      12%        N/A       100%        4
 Fulminant Prism          Conj/Hex       3%         3d5       100%        4
 Ice Form                 Ice/Tmut       6%         N/A       100%        4
 Leda's Liquefaction      Hex/Erth       3%         N/A       100%        4
 Manifold Assault         Tloc           6%         N/A       100%        4
 Sticky Flame             Conj/Fire      6%         2d3       100%        4
 Agony                    Necr           6%         N/A       100%        5
 Alistair's Intoxication  Tmut/Pois      4%         N/A       100%        5
 Arcjolt                  Conj/Air       3%         1d13      100%        5
 Blade Hands              Tmut           3%         N/A       100%        5
 Freezing Cloud           Conj/Ice/Air   3%         6-21      100%        5
 Lee's Rapid Deconstruct  Erth           3%         3d5*      100%        5
 Silence                  Hex/Air        3%         N/A       100%        5
 Yara's Violent Unravell  Hex/Tmut       3%         3d4       100%        5
 Simulacrum               Ice/Necr       3%         N/A       100%        6
 Statue Form              Tmut/Erth      4%         N/A       100%        6
 Dragon Form              Tmut           3%         N/A       100%        7
 Enfeeble                 Hex            3%         N/A       100%        7
 Storm Form               Tmut/Air       3%         N/A       100%        7
 Summon Hydra             Summ           3%         N/A       100%        7
 Disjunction              Tloc           3%         N/A       100%        8
 Ignition                 Fire           3%         3d4       100%        8
 Lehudib's Crystal Spear  Conj/Erth      3%         10d2      100%        8
 Maxwell's Capacitive Co  Air            3%         ∞         100%        8
 Polar Vortex             Ice            3%         N/A       100%        9


Dungeon Overview and Level Annotations

Branches:
Dungeon (15/15)            Temple (1/1) D:4            Lair (5/5) D:11
 Shoals (4/4) Lair:2        Snake (4/4) Lair:2        Slime (5/5) Lair:5
    Orc (2/2) D:9             Elf (3/3) Orc:2        Vaults (4/5) D:13
  Crypt (0/3) Vaults:2     Depths (0/4) D:15          Sewer (visited)
Volcano (visited)

Altars:
Cheibriados
Dithmenos
Fedhas
Gozag
Kikubaaqudgha
Makhleb
Nemelex Xobeh
Okawaru
Qazlal
Ru
Sif Muna
Trog
Vehumet
Wu Jian
Xom
Zin

Shops:
D:4 [   D:10 *   D:11 *   Orc:1 *   Orc:2 (*=[   Elf:1 *   Elf:2 ==:=
Shoals:2 !   Snake:2 *   Snake:3 ==(((   Vaults:4 !

Portals:
Trove: D:11 (give +2 shadow dragon scales)

Annotations:
Lair:3 Rupert
Shoals:1 2 transporters
Snake:4 1 runed translucent door, Dittersdorf's ghost, adept MiBe
Slime:5 Royal Jelly
Elf:2 1 runed translucent door


Innate Abilities, Weirdness & Mutations

You are amphibious.
You cover ground slowly.
You can hop long distances.
You have an extended range of vision and can be seen from far away.
You have a pair of small horns on your head.
You sometimes lose your temper in combat.
You are weak. (Str -2)
You are vulnerable to cold. (rC-)


Message History

The azure jelly misses you.
The azure jelly hits you but does no damage. x2
The azure jelly misses you.
The azure jelly hits you but does no damage.
The azure jelly closely misses you. The azure jelly barely misses you.
The azure jelly attacks as you move away!
You block the azure jelly's attack. x2; The azure jelly completely misses you.
The azure jelly hits you but does no damage.
You block the acid blob's attack. The azure jelly completely misses you.
You block the azure jelly's attack. x2; The azure jelly hits you.
* * * LOW HITPOINT WARNING * * *
The azure jelly hits you but does no damage.
The azure jelly misses you. x2; The azure jelly closely misses you.
The acid blob spits acid at you.
The splash of acid hits you but does no damage.
The acid blob hits you!!
* * * LOW HITPOINT WARNING * * *
You are splashed with acid.
You resist.
* * * LOW HITPOINT WARNING * * *
The azure jelly hits you but does no damage.
The azure jelly misses you. The azure jelly barely misses you.
The azure jelly completely misses you. x3; The azure jelly misses you.
The azure jelly hits you but does no damage.
The acid blob spits acid at you.
The splash of acid hits you but does no damage.
The azure jelly completely misses you. x2; The azure jelly hits you.
* * * LOW HITPOINT WARNING * * *
The azure jelly completely misses you. The azure jelly misses you.
The azure jelly closely misses you. x2; The azure jelly barely misses you.
You block the azure jelly's attack. The azure jelly misses you.
The azure jelly completely misses you. The azure jelly barely misses you.
The acid blob spits acid at you. The splash of acid hits you. You resist.
* * * LOW HITPOINT WARNING * * *
The quicksilver ooze closely misses you.
The quicksilver ooze misses you. The azure jelly completely misses you.
The azure jelly hits you!
* * * LOW HITPOINT WARNING * * *
The azure jelly freezes you!!!
You die...

#.................
#.................
###.................
##...................
#....................
###....................
###............J.........
.#.............JJ.......#
............J.JJ@........
..............JJJJ.##....
..............JJ...# #.
.................###
..............####
...............#
................#
................#
................#


You could see the Royal Jelly, 3 acid blobs, 5 azure jellies, a rockslime and 2
quicksilver oozes.

Vanquished Creatures
  Saint Roka (Orc:2)
  A golden dragon (Vaults:3)
  3 deep elf blademasters
  Asterion (Elf:3)
  A lich (Vaults:3)
  The ghost of Kyerol the Warrior, an adept TeSu of Ashenzari (Elf:3)
  9 acid blobs
  3 deep elf master archers (Elf:3)
  A kraken (Shoals:3)
  2 sphinxes
  An ancient champion (Vaults:2)
  2 tentacled starspawn (Abyss:4)
  Frances (Shoals:1)
  Kirke (Lair:3)
  3 tengu reavers
  Roxanne (D:14)
  8 azure jellies
  8 nagarajas (Snake:4)
  4 rockslimes
  A fire giant (Vaults:1)
  9 vault wardens
  7 deep elf sorcerers
  A ghoul (Vaults:2)
  2 deep elf elementalists (Elf:3)
  2 stone giants (Vaults:4)
  15 ironbound preservers
  A war gargoyle (Vaults:4)
  2 very ugly things
  10 ironbound thunderhulks
  8 quicksilver oozes
  3 deep elf demonologists (Elf:3)
  6 deep elf annihilators
  10 dire elephants
  Snorg (Lair:3)
  6 crystal guardians
  3 merfolk javelineers (Shoals:4)
  2 ettins
  5 deep elf death magi (Elf:3)
  2 deep elf high priests
  6 merfolk impalers (Shoals:4)
  4 hydras
  6 yaktaur captains
  A salamander tyrant (Snake:4)
  3 great orbs of eyes
  6 vault guards
  An entropy weaver (Vaults:1)
  5 peacekeepers
  A hydra (shapeshifter) (Vaults:3)
  7 centaur warriors
  11 ironbound frosthearts
  Erica (Lair:2)
  12 anacondas
  2 merfolk aquamancers (Shoals:4)
  2 alligator snapping turtles
  5 boulder beetles
  2 death knights
  A catoblepas (Lair:5)
  34 dancing weapons
  2 satyrs
  12 naga warriors
  14 death yaks
  4 tengu warriors
  A deep troll shaman (Lair:5)
  3 thrashing horrors (Abyss:3)
  2 two-headed ogres
  4 shock serpents
  16 naga sharpshooters
  7 hell knights
  2 orc high priests
  12 deep elf knights
  A soul eater (Abyss:3)
  Amaemon (Lair:3)
  3 salamander mystics
  5 skeletal warriors (D:15)
  3 wretched stars
  A sixfirhy (Abyss:3)
  36 deep trolls
  10 sea snakes
  5 naga ritualists
  A glowing orange brain (Slime:5)
  17 ironbound convokers
  11 harpies
  13 lindwurms
  12 wizards
  26 deep elf zephyrmancers
  13 deep elf archers
  A necromancer (D:15)
  25 deep elf pyromancers
  4 orc knights
  2 shining eyes (Slime:2)
  27 fauns
  4 orc sorcerers (Orc:2)
  12 manticores
  10 mana vipers
  34 ugly things
  7 elephants
  4 guardian serpents
  15 salamanders
  7 cyclopes
  31 black mambas
  An elephant (shapeshifter) (Vaults:2)
  17 vault sentinels
  3 merfolk sirens
  13 naga magi
  3 water nymphs
  2 smoke demons (Abyss:3)
  A molten gargoyle (Volcano)
  A torpor snail (Lair:3)
  An eye of devastation (Slime:2)
  An unseen horror (shapeshifter) (Elf:2)
  2 gargoyles
  13 cane toads
  2 orange demons
  A torpor snail (shapeshifter) (Vaults:2)
  A rime drake (shapeshifter) (Elf:3)
  An unseen horror (D:11)
  5 rime drakes
  2 freezing wraiths
  25 yaktaurs
  2 starcursed masses (Abyss:3)
  8 komodo dragons
  2 kobold demonologists (D:14)
  An efreet (D:13)
  2 ice devils (Orc:1)
  A tengu conjurer (D:15)
  26 merfolk
  3 meliai (D:13)
  3 trolls
  A polar bear (Lair:3)
  5 wind drakes
  Grinder (D:6)
  7 snapping turtles
  7 blink frogs
  18 dream sheep
  67 slime creatures
  3 air elementals
  A centaur simulacrum (D:14)
  A flying skull (Vaults:2)
  A vampire (D:11)
  A shadow (D:11)
  A wraith (D:11)
  11 water elementals
  4 fire elementals
  51 yaks
  10 wyverns
  2 hogs (Lair:4)
  2 steam dragons
  2 basilisks
  3 redbacks (Vaults:1)
  4 vampire mosquitoes
  2 wargs (Orc:2)
  A small abomination (Abyss:3)
  60 nagas
  5 acid dragons
  16 water moccasins
  3 sky beasts
  4 black bears
  29 orc warriors
  16 centaurs
  12 wolves
  A boggart (Elf:1)
  4 ogres
  2 phantoms
  3 kobold brigands
  12 bullfrogs
  2 earth elementals (Elf:2)
  2 necrophages
  A gnoll sergeant (D:11)
  3 scorpions
  12 wights
  5 killer bees (D:9)
  6 electric eels
  6 howler monkeys
  3 jellies
  18 orc priests
  2 gnoll boudas
  4 hounds
  3 iguanas
  24 orc wizards
  4 hell rats (Lair:1)
  8 gnolls
  13 adders
  6 river rats (Sewer)
  2 ufetubi
  2 worms
  2 dart slugs
  89 orcs
  10 endoplasms
  4 giant cockroaches
  7 goblins
  5 hobgoblins
  2 jackals (D:2)
  11 kobolds
  4 quokkas
  12 ball pythons
  7 bats
  7 frilled lizards
  16 rats
  A lurking horror (Abyss:3)
1497 creatures vanquished.

Vanquished Creatures (collateral kills)
  A naga warrior (Snake:4)
  A salamander mystic (Snake:4)
  2 slime creatures (D:14)
  A salamander (Snake:4)
  A black mamba (Snake:4)
  A guardian serpent (Snake:4)
  A naga mage (Snake:4)
  2 nagas (Snake:4)
  2 kobold brigands (D:14)
12 creatures vanquished.

Vanquished Creatures (others)
  A merfolk impaler (Shoals:4)
  A death yak (Lair:3)
  A deep elf knight (Elf:2)
  A wizard (Elf:1)
  3 deep elf zephyrmancers
  A merfolk (Shoals:4)
  An air elemental (Elf:2)
  2 nagas (Snake:2)
  An orc warrior (Orc:1)
  A human (D:9)
  A bullfrog (Lair:3)
  An orc wizard (Orc:1)
  An orc (Orc:1)
  22 fungi
  175 plants
  5 starspawn tentacles (Abyss:4)
  4 tentacles (Shoals:3)
222 creatures vanquished.

Grand Total: 1731 creatures vanquished

Notes
Turn   | Place    | Note
-------+----------+-------------------------------------------
     0 | D:1      | PurpleRed the Barachi Gladiator began the quest for the
                  | Orb.
     0 | D:1      | Reached XP level 1. HP: 17/17 MP: 1/1
   166 | D:1      | Reached XP level 2. HP: 23/23 MP: 2/2
   613 | D:1      | Reached XP level 3. HP: 16/29 MP: 3/3
   719 | D:1      | Reached skill level 1 in Long Blades
   880 | D:2      | Found an iron altar of Okawaru.
  1511 | D:3      | Reached XP level 4. HP: 34/35 MP: 4/4
  1733 | D:3      | Reached skill level 1 in Armour
  2012 | D:3      | Reached XP level 5. HP: 39/42 MP: 5/5
  2028 | D:3      | Found a bloodstained altar of Trog.
  2234 | D:4      | Noticed a phantom
  2270 | D:4      | Found a staircase to the Ecumenical Temple.
  2270 | D:4      | Found a shadowy altar of Dithmenos.
  2402 | D:4      | Noticed an ogre
  2464 | D:4      | Killed an ogre
  2465 | D:4      | Reached XP level 6. HP: 32/49 MP: 6/6
  2489 | D:4      | Found Awnuda's Antique Armour Boutique.
  2773 | D:4      | Reached skill level 5 in Fighting
  2859 | D:4      | Found a sparkling altar of Nemelex Xobeh.
  2859 | D:4      | Found a radiant altar of Vehumet.
  2916 | Temple   | Entered the Ecumenical Temple
  2941 | Temple   | Became a worshipper of Cheibriados the Contemplative
  3114 | D:5      | Entered Level 5 of the Dungeon
  3133 | D:5      | Reached XP level 7. HP: 47/56 MP: 7/7
  3202 | D:5      | Reached skill level 5 in Long Blades
  3304 | D:5      | Found a glowing drain.
  3309 | Sewer    | Entered a sewer
  3463 | Sewer    | Reached * piety under Cheibriados
  4033 | D:5      | Reached XP level 8. HP: 53/64 MP: 8/8
  4075 | D:5      | Reached ** piety under Cheibriados
  4483 | D:6      | Reached skill level 5 in Armour
  4618 | D:6      | Noticed Grinder
  4637 | D:6      | Killed Grinder
  4696 | D:6      | Reached XP level 9. HP: 72/72 MP: 9/9
  4721 | D:6      | You fall into a shaft and drop 1 floor!
  4771 | D:7      | Reached *** piety under Cheibriados
  4971 | D:6      | Reached skill level 10 in Long Blades
  5340 | D:6      | Found an opulent altar of Gozag.
  5881 | D:4      | Bought a shiny plate armour for 468 gold pieces
  5993 | D:8      | Reached **** piety under Cheibriados
  6126 | D:8      | Reached skill level 1 in Shields
  6190 | D:8      | Reached XP level 10. HP: 82/82 MP: 10/10
  6357 | D:8      | Found a shimmering blue altar of Sif Muna.
  6636 | D:9      | Noticed a two-headed ogre
  6643 | D:9      | Killed a two-headed ogre
  6896 | D:9      | Reached ***** piety under Cheibriados
  6902 | D:9      | Reached skill level 10 in Fighting
  6950 | D:9      | Found a staircase to the Orcish Mines.
  7080 | D:9      | Reached skill level 1 in Invocations
  7149 | D:9      | Reached XP level 11. HP: 91/91 MP: 11/11
  7176 | D:9      | Found an ancient bone altar of Kikubaaqudgha.
  7327 | D:10     | Entered Level 10 of the Dungeon
  7352 | D:10     | Found an ornate altar of the Wu Jian Council.
  7630 | D:10     | Reached skill level 1 in Spellcasting
  7783 | D:10     | Found a stormy altar of Qazlal.
  7966 | D:10     | Found Roitoif's General Store.
  7969 | D:10     | Bought a potion of resistance for 130 gold pieces
  8226 | D:10     | Found a glowing silver altar of Zin.
  8472 | D:11     | Reached ****** piety under Cheibriados
  8490 | D:11     | Found Inodi's General Store.
  8499 | D:11     | Bought a potion of degeneration for 12 gold pieces
  8549 | D:11     | Found a portal to a secret trove of treasure.
  8719 | D:11     | Found a staircase to the Lair.
  9167 | D:11     | Reached skill level 5 in Invocations
  9334 | Lair:1   | Entered Level 1 of the Lair of Beasts
  9420 | Lair:1   | Reached XP level 12. HP: 102/102 MP: 18/18
  9608 | Lair:1   | Reached skill level 5 in Dodging
  9853 | Lair:1   | Identified the +9 hand axe of Idutyes {antimagic, rF+ rC+}
 10198 | Lair:2   | Found a staircase to the Snake Pit.
 10465 | Lair:2   | Noticed a death yak
 10476 | Lair:2   | Killed a death yak
 10503 | Lair:2   | Noticed a death yak
 10503 | Lair:2   | Noticed a death yak
 10503 | Lair:2   | Noticed a death yak
 10535 | Lair:2   | Killed a death yak
 10544 | Lair:2   | Killed a death yak
 10546 | Lair:2   | Killed a death yak
 10607 | Lair:2   | Noticed Erica
 10619 | Lair:2   | Killed Erica
 10752 | Lair:2   | Found a staircase to the Shoals.
 11105 | Lair:3   | Noticed Rupert
 11105 | Lair:3   | Noticed a death yak
 11105 | Lair:3   | Noticed a death yak
 11105 | Lair:3   | Noticed a death yak
 11105 | Lair:3   | Noticed a death yak
 11105 | Lair:3   | Noticed a death yak
 11253 | Lair:3   | Gained mutation: You can hop long distances. [Barachi
                  | growth]
 11253 | Lair:3   | Reached XP level 13. HP: 111/111 MP: 19/19
 11272 | Lair:3   | Noticed Snorg
 11290 | Lair:3   | Killed Snorg
 11446 | Lair:3   | Noticed Amaemon
 11457 | Lair:3   | Killed Amaemon
 11458 | Lair:3   | Reached skill level 5 in Shields
 11771 | Lair:4   | Reached skill level 10 in Armour
 11810 | Lair:4   | Reached skill level 15 in Fighting
 12392 | Lair:5   | Entered Level 5 of the Lair of Beasts
 12392 | Lair:5   | Found a staircase to the Slime Pits.
 12636 | Lair:5   | Reached XP level 14. HP: 123/123 MP: 21/21
 12648 | Lair:5   | Reached skill level 5 in Spellcasting
 12932 | Lair:5   | Reached skill level 15 in Long Blades
 13426 | Lair:3   | Noticed Kirke
 13577 | Orc:1    | Entered Level 1 of the Orcish Mines
 13755 | Orc:2    | Entered Level 2 of the Orcish Mines
 13843 | Orc:1    | Found Ucriucy's Mass Market.
 14023 | Orc:2    | Found a staircase to the Elven Halls.
 14058 | Orc:2    | Found a dark tunnel.
 14066 | Volcano  | Entered a volcano
 14636 | Orc:2    | Noticed Saint Roka
 14638 | Orc:2    | Reached skill level 10 in Dodging
 14689 | Orc:2    | Killed Saint Roka
 14711 | Orc:2    | Paralysed by an orc sorcerer for 3 turns
 14719 | Orc:2    | Gained mutation: You have a pair of small horns on your
                  | head. [a neqoxec]
 14768 | Orc:2    | Found Gevygh's General Store.
 14783 | Orc:2    | Found Zus Egg's Antique Armour Emporium.
 14783 | Orc:2    | Found Jomeh's Jewellery Emporium.
 14783 | Orc:2    | Found Olom's Antique Weapon Emporium.
 14855 | Orc:2    | Bought a scroll of blinking for 112 gold pieces
 14855 | Orc:2    | Bought 2 scrolls of teleportation for 90 gold pieces
 14855 | Orc:2    | Bought a scroll of teleportation for 45 gold pieces
 14855 | Orc:2    | Bought a scroll of teleportation for 45 gold pieces
 14855 | Orc:2    | Bought a potion of cancellation for 120 gold pieces
 14915 | Orc:2    | Bought a crude scale mail for 297 gold pieces
 14915 | Orc:2    | Identified the +0 scale mail "Bola" {rF++} (You bought it
                  | in a shop on level 2 of the Orcish Mines)
 16324 | D:13     | Identified a scroll of acquirement
 16329 | D:12     | Acquired a +5 demon blade of venom
 16685 | D:13     | Reached XP level 15. HP: 129/129 MP: 22/22
 16803 | D:13     | Found a gate to the Vaults.
 17061 | D:14     | Identified Roxanne's Compilation of Permutations
 17061 | D:14     | Noticed Roxanne
 17205 | D:14     | Killed Roxanne
 17749 | D:14     | Reached skill level 10 in Invocations
 17814 | D:14     | Found a blossoming altar of Fedhas.
 17855 | D:15     | Entered Level 15 of the Dungeon
 18186 | D:15     | Found a staircase to the Depths.
 18854 | Snake:1  | Entered Level 1 of the Snake Pit
 19203 | Snake:1  | Reached XP level 16. HP: 136/136 MP: 24/24
 19261 | Snake:1  | Identified the +1 ring mail of Munnioh {Dex+4}
 19773 | Snake:2  | Found a sacrificial altar of Ru.
 20157 | Snake:2  | Found Jaomoeth's Assorted Antiques.
 20166 | Snake:2  | Bought the +3 hat of Pondering {ponderous, Will+ MP+10
                  | Int+5} for 952 gold pieces
 20166 | Snake:2  | Found the +3 hat of Pondering {ponderous, Will+ MP+10
                  | Int+5}
 20645 | Snake:3  | Found Ficeci Desysm's Weapon Shop.
 20763 | Snake:3  | Found Uddig's Antique Weapon Shoppe.
 20866 | Snake:3  | Found Foipnamn's Antique Weapon Emporium.
 20925 | Snake:3  | Found Momitogg's Jewellery Emporium.
 21091 | Snake:3  | Identified the +1 leather armour of the Jolly Thickets {Fly
                  | rElec Will+ Int-2}
 21472 | Snake:3  | Found Ophabero's Jewellery Emporium.
 21889 | Snake:4  | Entered Level 4 of the Snake Pit
 21993 | Snake:4  | Found a runed translucent door.
 21999 | Snake:4  | Noticed Dittersdorf's ghost (adept MiBe)
 22053 | Snake:4  | Reached XP level 17. HP: 146/146 MP: 26/26
 22345 | Snake:4  | Reached skill level 15 in Armour
 22404 | Snake:4  | Reached skill level 10 in Shields
 22768 | Snake:4  | Got a serpentine rune of Zot
 23455 | Vaults:1 | Entered Level 1 of the Vaults
 23939 | Vaults:1 | Reached XP level 18. HP: 158/158 MP: 27/27
 24064 | Vaults:1 | Reached XP level 19. HP: 162/163 MP: 28/28
 24369 | Vaults:1 | Identified the +0 hand axe "Hiuph" {flame, rN+}
 25348 | Vaults:2 | Found a staircase to the Crypt.
 25651 | Vaults:2 | Reached skill level 15 in Dodging
 26052 | Vaults:2 | Reached XP level 20. HP: 161/176 MP: 29/29
 26527 | Vaults:3 | Noticed a golden dragon
 26539 | Vaults:3 | Killed a golden dragon
 28065 | Vaults:4 | Found Nuwkea's Distillery.
 28078 | Vaults:4 | Bought a potion of heal wounds for 85 gold pieces
 28078 | Vaults:4 | Bought a potion of curing for 51 gold pieces
 29004 | Vaults:4 | Reached XP level 21. HP: 183/183 MP: 30/30
 29332 | Elf:1    | Entered Level 1 of the Elven Halls
 29618 | Elf:1    | Reached skill level 1 in Ranged Weapons
 29898 | Elf:1    | Found Zijar's General Store.
 30358 | Elf:2    | Found Moogint's Jewellery Shoppe.
 30382 | Elf:2    | Found Helu's Book Shop.
 30384 | Elf:2    | Found Quufean's Jewellery Shoppe.
 30487 | Elf:2    | Bought a ring of the Octopus King {rN+ HP+2 AC+2 EV+2 SH+2}
                  | for 1015 gold pieces
 30487 | Elf:2    | Found the ring of the Octopus King {rN+ HP+2 AC+2 EV+2
                  | SH+2}
 30683 | Elf:2    | Paralysed by an air elemental for 1 turns
 30692 | Elf:2    | Found Tapny's Jewellery Shoppe.
 30812 | Elf:2    | Identified the +0 pair of boots "Imofip" {rF++}
 31000 | Elf:2    | Found a runed translucent door.
 31067 | Elf:2    | Found a runed translucent door.
 31576 | Elf:3    | Entered Level 3 of the Elven Halls
 31649 | Elf:3    | Paralysed by an air elemental for 1 turns
 31652 | Elf:3    | Paralysed by an air elemental for 1 turns
 31715 | Elf:3    | Reached skill level 5 in Ranged Weapons
 31761 | Abyss:3  | Cast into level 3 of the Abyss (a deep elf sorcerer)
 31973 | Abyss:4  | Found a corrupted altar of Lugonu.
 32004 | Elf:3    | Escaped the Abyss
 32008 | Elf:3    | Reached XP level 22. HP: 185/190 MP: 24/24
 32062 | Elf:3    | Noticed Asterion
 32074 | Elf:3    | Killed Asterion
 32261 | Elf:3    | Found a runed translucent door.
 32261 | Elf:3    | Noticed Kyerol's ghost (adept TeSu)
 32291 | Elf:3    | Killed Kyerol's ghost
 32640 | Elf:3    | Identified the +3 leather armour of Eternal Vigilance
                  | {Str+5 Int+4 Dex+4}
 32655 | Elf:3    | Identified the +1 spear "Hiry Fam" {spect, rElec rF++ Str-5
                  | SInv}
 32666 | Elf:3    | Identified the +5 rapier "Hirido" {venom, rElec MP+9}
 32702 | Elf:3    | Got the Catalogue of Blows and Bruises and Evolution
 32713 | Elf:3    | Got Golubria's Exposition on the Jaunt
 32743 | Elf:3    | Identified the +6 great sword "Axzume" {pain, rN++}
 32753 | Elf:3    | Identified the +4 scale mail "Ciavel" {*Corrode rC++}
 32777 | Elf:3    | Identified the amulet of Pisch {Acrobat rF+ rCorr}
 32790 | Elf:3    | Identified the +12 sling "Globulus" {antimagic, rF++ Int+2}
 32822 | Elf:3    | Upgraded the game from 0.30-a0-445-g92f4fb2 to
                  | 0.30-a0-458-g86641cc
 32994 | Orc:2    | Bought the ring of Dar Xois {rN+ Will+ rCorr Dex-2} for 456
                  | gold pieces
 33142 | Shoals:1 | Entered Level 1 of the Shoals
 33315 | Shoals:2 | Identified the +1 leather armour of Impermeability {-Tele
                  | Harm rN++ Str+2}
 33574 | Shoals:4 | Entered Level 4 of the Shoals
 33736 | Shoals:2 | Found Jisyth's Distillery.
 33770 | Shoals:2 | Bought a potion of curing for 48 gold pieces
 33794 | Shoals:1 | Found a transporter.
 33794 | Shoals:1 | Found a transporter.
 33794 | Shoals:1 | Found a transporter.
 33797 | Shoals:1 | Found a transporter.
 33797 | Shoals:1 | Noticed Frances
 33806 | Shoals:1 | Killed Frances
 33880 | Shoals:1 | Found a transporter.
 33880 | Shoals:1 | Found a transporter.
 34476 | Shoals:4 | Got a barnacled rune of Zot
 35083 | Lair:3   | Killed Kirke
 35084 | Lair:3   | Reached skill level 10 in Ranged Weapons
 35155 | Slime:1  | Entered Level 1 of the Pits of Slime
 35232 | Slime:2  | Gained mutation: You occasionally lose the ability to read
                  | scrolls when taking damage. [a shining eye]
 35233 | Slime:2  | Gained mutation: You are vulnerable to cold. (rC-) [a
                  | shining eye]
 35250 | Slime:2  | Gained mutation: Your spells are a little easier to cast,
                  | but a little less powerful. [a shining eye]
 35250 | Slime:2  | Gained mutation: Your body sometimes deteriorates upon
                  | taking damage. [a shining eye]
 35252 | Slime:2  | Gained mutation: You are weak. (Str -2) [a shining eye]
 35278 | Slime:2  | Lost mutation: You occasionally lose the ability to read
                  | scrolls when taking damage. [potion of mutation]
 35278 | Slime:2  | Lost mutation: Your body sometimes deteriorates upon taking
                  | damage. [potion of mutation]
 35278 | Slime:2  | Gained mutation: You sometimes lose your temper in combat.
                  | [potion of mutation]
 35278 | Slime:2  | Lost mutation: Your spells are a little easier to cast, but
                  | a little less powerful. [potion of mutation]
 35341 | Slime:4  | Reached XP level 23. HP: 200/200 MP: 32/32
 35464 | Slime:5  | Entered Level 5 of the Pits of Slime
 35611 | Slime:5  | Noticed the Royal Jelly
 35730 | Slime:5  | Annihilated by an azure jelly

Illustrated notes

Levels and vault maps discovered:
D:1:      wander_arrival_chamber, layout_basic
D:2:      layout_rooms, basic_altar
D:3:      wad_crossroads, layout_basic, amcnicky_altar_gilded,
          kennysheep_generic_room_5
D:4:      layout_basic, grunt_dithmenos_smoke,
          gammafunk_temple_overflow_elements, minmay_temple_entry_proselytizer,
          serial_shops, shop, minmay_misc_feat_chi, grunt_decor_one_mirror
D:5:      layout_loops_corners, portal_sewer_entry_e, kennysheep_nondescript,
          kennysheep_generic_room_8
D:6:      layout_loops_ring, grunt_gozag_breadcrumbs, st_stairs_10,
          hangedman_decor_slide_cut, uniq_grinder
D:7:      layout_cave_pools
D:8:      layout_rooms, mainiacjoe_overflow_alcove_2, minmay_bent
D:9:      layout_gridville, tgw_kikubaaqudgha, david_orc_5
D:10:     layout_stronghold, zin_scriptorium, pdpol_wu_jian_five_deadly_venoms,
          grunt_qazlal_clouds, serial_shops, shop, nicolae_figureground_sparkle
D:11:     layout_basic, minmay_lair_entry_grove, nicolae_trove_entry_diagonal,
          serial_shops, shop_statue
D:12:     layout_basic
D:13:     layout_cave_pools, erik_vaults_1
D:14:     layout_loops_ring, chequers_serial_rivers_micro_a,
          fedhas_altar_fruit_tree, uniq_roxanne
D:15:     hangedman_depths_entry_civil_slaughter, layout_long_grid,
          chequers_avenue, amcnicky_mini_rare_corridor_liquid,
          minmay_three_doors
Temple:   hellmonk_temple_flake
Lair:1:   layout_chaotic_city, chequers_serial_rivers_micro_e,
          grunt_megastairs_5
Lair:2:   layout_regular_city, minmay_shoals_entry_lonely_mermaid,
          guppyfry_snake_entry_island, grunt_megastairs_2, serial_bayou_shore_a,
          lemuel_fruit_tree, uniq_erica
Lair:3:   layout_small_grid, infiniplex_staircase_pool, uniq_snorg, uniq_kirke,
          uniq_rupert, uniq_amaemon
Lair:4:   layout_loops_ring, dreamdust_gnoll_shepherd, grunt_megastairs_1
Lair:5:   grunt_lair_end_beastmaster, layout_regular_city, slime_entry_1
Shoals:1: layout_shoals, serial_nicolae_subway, nicolae_sub_station_crystal,
          nicolae_sub_station_stone, nicolae_sub_station_metal, uniq_frances
Shoals:2: layout_shoals, serial_shops, nicolae_shop_stone
Shoals:3: layout_shoals
Shoals:4: shoals_end_grunt_garden, layout_shoals, nicolae_shoals_seven_spires
Snake:1:  layout_grid_maze
Snake:2:  layout_chambers, basic_altar, serial_shops, shop
Snake:3:  layout_grid_maze, serial_shops, shop, nicolae_shop_crystal, shop,
          nicolae_square_shop, nicolae_shop_bloodbath_and_beyond
Snake:4:  minmay_snake_end_coiled, layout_cave_town,
          ebering_ghost_reflecting_pool, grunt_ministairs_12
Slime:1:  layout_caves
Slime:2:  layout_caves
Slime:3:  layout_caves
Slime:4:  layout_caves
Slime:5
Orc:1:    layout_caves, portal_ice_cave_demonic_guard, minmay_shop_mass
Orc:2:    grunt_orc_cross, layout_diamond_mine, lightli_volcano_entry_magma_tube
Elf:1:    layout_onion_city, serial_shops, shop_coins, hangedman_elf_disciples,
          drop_trap, minmay_misc_feat_five
Elf:2:    nicolae_elf_blades_splatter_lattice
          [nicolae_blade_entry_splitting_headache], layout_onion_city,
          serial_shops, nicolae_shop_waterfront, minivault_27, minmay_shop_grove
Elf:3:    minmay_elf_hall, layout_gridlike, ebering_ghost_inner_flame,
          uniq_asterion
Vaults:1: ontoclasm_vaults_misaligned, v_misc_2, st_cross,
          ontoclasm_vaults_shuriken, v_misc_12, hangedman_vaults_slice,
          vaults_mumra_chevron_long, vaults_mumra_minichess,
          ontoclasm_vaults_chip, vaults_mumra_minichess_inversion,
          layout_vaults_omnibox
Vaults:2: minmay_crypt_entry_simple_statues, nicolae_vaults_little_squares_6,
          vaults_room_pools, v_misc_31, v_pattern_4, v_misc_3,
          hangedman_vaults_slither, v_misc_29, grunt_vaults_hallway_long,
          ontoclasm_vaults_fault, grunt_vaults_hallway_short,
          hangedman_vaults_restitches, nicolae_vaults_diagonal_hallway_8,
          nicolae_vaults_angled_halls, nicolae_vaults_little_ls,
          layout_vaults_maze_snakey
Vaults:3: v_misc_24, serial_ice_g, v_rooms_4, vaults_room_hangedman_quadrants,
          nicolae_vaults_network_barrier, nicolae_vaults_shelves_hall,
          vaults_dpeg_encased_lava, v_alt_pattern_3, vaults_room_pool,
          vaults_dpeg_spiral, nicolae_vaults_windows_and_doors_thing,
          hangedman_vaults_nodes, nicolae_vaults_network_square,
          vaults_room_hallway, v_alt_pattern_2, layout_vaults_big_cross
Vaults:4: st_spiral_rooms, ontoclasm_vaults_ring_large,
          nicolae_vaults_mini_display_case, ontoclasm_vaults_decontamination,
          vaults_dpeg_hooks, layout_vaults_omnigrid, serial_shops,
          nicolae_shop_waterfront

Skill      XL: |  1  2  3  4  5  6  7  8  9 10 11 12 13 14 15 16 17 18 19 20 21 22 23 |
---------------+----------------------------------------------------------------------+-----
Fighting       | 3 4 5 6 7 8 10 11 13 15 16 18 20 21 | 21.8
Long Blades    | 1 2 3 4 6 8 11 13 14 17 20 21 | 21.8
Dodging        | 4 7 8 10 12 15 17 18 20 | 20.0
Armour         | 1 2 3 4 6 7 8 10 12 14 20 21 | 21.3
Shields        | 1 4 6 9 10 11 12 | 12.0
Invocations    | 1 5 8 11 12 | 12.0
Spellcasting   | 4 5 |  5.0
Ranged Weapons | 6 10 11 | 11.4
Short Blades   | |  3.5
Throwing       | |  2.0

Action                   |  1- 3 |  4- 6 |  7- 9 | 10-12 | 13-15 | 16-18 | 19-21 | 22-24 || total
-------------------------+-------+-------+-------+-------+-------+-------+-------+-------++-------
Melee: Rapier            |   153 |   225 |   197 |       |       |       |       |       ||   575
       Punch             |       |     2 |     4 |       |       |       |       |       ||     6
       Scimitar          |       |       |   166 |   370 |   815 |       |       |       ||  1351
       Long sword        |       |       |    32 |   323 |       |       |       |       ||   355
       Headbutt          |       |       |       |       |   149 |   260 |   573 |   327 ||  1309
       Demon blade       |       |       |       |       |   385 |   833 |  1707 |   891 ||  3816
 Fire: Shortbow          |       |       |       |    17 |       |       |       |       ||    17
Throw: Javelin           |     1 |     4 |     6 |     2 |       |       |       |     7 ||    20
       Throwing net      |     1 |     2 |       |       |     1 |       |       |       ||     4
       Dart              |       |     1 |     6 |       |     5 |       |       |       ||    12
Invok: Slouch            |       |       |       |     1 |     2 |    10 |     4 |     3 ||    20
       Step From Time    |       |       |       |       |       |     1 |     1 |       ||     2
 Abil: Hop               |     1 |     1 |       |     3 |     5 |     2 |     5 |     2 ||    19
Evoke: Wand              |       |       |       |     6 |       |     3 |     3 |     2 ||    14
  Use: Scroll            |     7 |     2 |     8 |     6 |     9 |     1 |     1 |    13 ||    47
       Potion            |       |     1 |       |     2 |     4 |     3 |     4 |     1 ||    15
 Stab: Held in net/web   |     2 |     1 |       |       |     1 |       |       |       ||     4
       Sleeping          |       |     1 |       |       |       |       |       |       ||     1
       Invisible         |       |       |       |     3 |       |       |       |     1 ||     4
Armor: Leather armour    |    51 |    26 |       |       |       |       |       |       ||    77
       Ring mail         |    22 |    19 |       |       |       |       |       |       ||    41
       Chain mail        |       |    19 |   120 |       |       |       |       |       ||   139
       Plate armour      |       |       |   145 |   331 |   497 |   240 |   185 |       ||  1398
       Fire dragon scale |       |       |       |       |     8 |       |       |       ||     8
       Gold dragon scale |       |       |       |       |       |       |   270 |   391 ||   661
Dodge: Dodged            |   128 |    96 |   188 |   221 |   648 |   507 |  1074 |  1035 ||  3897
Block: Kite shield       |       |       |    26 |   355 |   848 |   763 |  1329 |  1304 ||  4625

Table legend: (Time is in decaauts)
 A = Elapsed time spent in this place.
 B = Non-inter-level travel time spent in this place.
 C = Inter-level travel time spent in this place.
 D = Time resting spent in this place.
 E = Time spent auto-exploring this place.
 F = Levels seen in this place.
 G = Mean time per level.
                   A        B        C        D        E       F      G
               +--------+--------+--------+--------+--------+-----+--------+
         Total |  66560 |  60809 |   5751 |    808 |  34647 |  47 | 1416.2 |
       Dungeon |  21753 |  19649 |   2104 |    250 |  13575 |  15 | 1450.2 |
        Temple |     46 |     46 |      0 |      0 |     15 |   1 |   46.0 |
          Lair |   8721 |   7824 |    897 |     90 |   5119 |   5 | 1744.2 |
        Shoals |   3874 |   3140 |    734 |      0 |    708 |   4 |  968.5 |
     Snake Pit |   8928 |   8578 |    350 |    113 |   4727 |   4 | 2232.0 |
    Slime Pits |    810 |    810 |      0 |    112 |      0 |   5 |  162.0 |
  Orcish Mines |   3512 |   3073 |    439 |     46 |   1127 |   2 | 1756.0 |
   Elven Halls |   6754 |   6282 |    472 |     80 |   3039 |   3 | 2251.3 |
        Vaults |  10855 |  10103 |    752 |     87 |   6150 |   4 | 2713.8 |
         Abyss |    471 |    471 |      0 |      0 |      0 |   2 |  235.5 |
         Sewer |    494 |    494 |      0 |     27 |    184 |   1 |  494.0 |
       Volcano |    337 |    337 |      0 |      0 |      0 |   1 |  337.0 |
               +--------+--------+--------+--------+--------+-----+--------+

Top non-repeatable levels by time:
Vaults:3: 3191 daAuts
 Snake:3: 2653 daAuts
Vaults:2: 2638 daAuts
Vaults:4: 2608 daAuts
    D:12: 2526 daAuts
 Snake:4: 2516 daAuts
Vaults:1: 2417 daAuts
   Elf:2: 2384 daAuts
   Orc:2: 2335 daAuts
   Elf:1: 2315 daAuts
    D:10: 2286 daAuts
    D:11: 2258 daAuts
  Lair:2: 2214 daAuts
   Elf:3: 2055 daAuts
 Snake:2: 1909 daAuts
